AoeStats
← bkg45

Nomad

505998546Analyzed
4v4 RM · 21d ago on Sep 12, 2026· 51m 55s· 8 players
Game mode
Random Map
Map size
231×231
Population
200
Speed
Normal
Resources
Standard
Victory
Conquest
Starting age
Dark Age
Ending age
Imperial Age
RankedLock teamsTeams togetherTeam positionsShared explorationLock speedFull tech treeHidden civsTurbo modeCheats
Victory
Defeat
🇺🇸 Bengalis · United States
1244
+18
🇨🇦 Koreans · Canada
1240
+18
🇺🇸 Magyars · United States
1226
+19
🇺🇸 Spanish · United States
1154
+22
🇲🇽 Bulgarians · Mexico
1303
-20
🇲🇽 Huns · Mexico
1296
-20
🇺🇸 Koreans · United States
1292
-19
🇲🇽 Spanish · Mexico
1257
-18
Temujin
3:42 Loom
14:15 Feudal Age
18:23 Castle Age
17:04 Double-Bit Axe
19:49 Fishing Lines
20:34 Town Watch
21:11 Fletching
24:54 Bodkin Arrow
28:52 Wheelbarrow
30:56 Bow Saw
30:27 Horse Collar
35:25 Imperial Age
33:09 Pikeman
33:52 Scale Mail Armor
35:12 Hand Cart
38:44 Bracer
39:52 Chemistry
PapuKong
11:12 Loom
13:50 Feudal Age
17:23 Fletching
17:39 Double-Bit Axe
20:00 Castle Age
18:55 Padded Archer Armor
19:17 Fishing Lines
20:00 Gold Mining
21:07 Bloodlines
22:18 Thumb Ring
22:50 Bow Saw
24:39 Bodkin Arrow
25:00 Husbandry
25:45 Ballistics
30:12 Wheelbarrow
31:21 Leather Archer Armor
33:21 Gillnets
34:31 Hand Cart
39:27 Imperial Age
36:44 Town Watch
37:24 Pikeman
38:16 Forging
38:46 Town Patrol
39:40 Elite Skirmisher
39:44 Heavy Cavalry Archer
40:52 Parthian Tactics
40:45 Bracer
41:28 Scale Barding Armor
42:00 Iron Casting
40:47 Light Cavalry
44:01 Two-Man Saw
42:43 Horse Collar
42:44 Hussar
43:46 Chain Barding Armor
44:55 Chemistry
44:59 Conscription
47:22 Blast Furnace
47:08 Gold Shaft Mining
46:24 Stone Mining
48:15 Plate Barding Armor
Caronte
12:44 Feudal Age
11:00 Loom
13:26 Town Watch
18:31 Castle Age
31:50 Double-Bit Axe
33:51 Medium Warships
Morfeo
4:16 Loom
12:49 Feudal Age
18:53 Castle Age
16:43 Double-Bit Axe
18:09 Scale Mail Armor
18:20 Forging
19:30 Gambesons
22:50 Horse Collar
23:48 Chain Mail Armor
23:54 Squires
31:09 Arson
34:51 Imperial Age
32:36 Fletching
34:03 Iron Casting
34:56 Wheelbarrow
34:50 Pikeman
35:04 Capped Ram
35:58 Siege Ram
38:48 Plate Mail Armor
38:48 Onager
40:23 Bodkin Arrow
43:53 Bracer
43:44 Siege Onager
Howie
5:02 Loom
13:47 Feudal Age
21:22 Castle Age
20:28 Double-Bit Axe
30:31 Scale Barding Armor
31:40 Horse Collar
34:37 Bow Saw
35:08 Bloodlines
36:41 Chain Barding Armor
42:40 Imperial Age
40:53 Wheelbarrow
40:38 Husbandry
41:27 Gold Mining
FEMALE INCA VILLAGER
4:18 Loom
13:53 Feudal Age
18:24 Castle Age
16:16 Fletching
18:13 Double-Bit Axe
22:03 Fishing Lines
23:01 Bodkin Arrow
23:16 Murder Holes
24:37 Ballistics
29:57 Wheelbarrow
34:08 Imperial Age
35:13 Conscription
44:08 Bow Saw
47:49 Chemistry
47:38 Bodkin Arrow
osteor10
5:57 Loom
14:41 Feudal Age
19:46 Castle Age
19:14 Forging
19:41 Double-Bit Axe
23:05 Bloodlines
22:59 Husbandry
25:02 Wheelbarrow
25:15 Bow Saw
31:56 Elite Skirmisher
45:53 Thumb Ring
46:21 Bow Saw
47:28 Horse Collar
48:18 Gold Mining
50:32 Town Watch
51:13 Ballistics
50:59 Stone Mining
51:17 Scale Barding Armor
51:21 Fletching
51:33 Padded Archer Armor
52:10 Iron Casting
51:36 Scale Mail Armor
52:18 Stone Shaft Mining
bkg45
4:21 Loom
13:50 Feudal Age
17:35 Castle Age
15:50 Double-Bit Axe
18:19 Fishing Lines
18:51 Bow Saw
18:56 Horse Collar
20:03 Gillnets
23:02 Wheelbarrow
27:46 Hand Cart
28:15 Town Watch
28:25 Gold Mining
32:01 Imperial Age
29:53 Fletching
30:04 Padded Archer Armor
31:08 Gold Shaft Mining
30:39 Bodkin Arrow
31:29 Leather Archer Armor
32:48 Bracer
32:09 Elite Elephant Archer
33:55 Ring Archer Armor
36:03 Chemistry
36:02 Ballistics
36:45 Bloodlines
38:21 Mahayana
39:09 Conscription
42:07 Coinage
45:37 Heavy Plow
47:38 Paiks
Connection lost

Rejoining the realm…

Still unreachable

The connection could not be restored.

Session expired

The server has moved on; the page needs a fresh start.